 Dungeon Crawl Stone Soup version 0.20.1-1-g8b1a95d (webtiles) character file.

93 vineage the Slasher (level 4, -7/33 HPs)
             Began as a Demonspawn Gladiator on Oct 17, 2017.
             Mangled by a gnoll
             ... wielding a +2 flail of holy wrath
              (8 damage)
             ... on level 3 of the Dungeon.
             The game lasted 00:04:17 (1810 turns).

vineage the Slasher (Demonspawn Gladiator)          Turns: 1810, Time: 00:04:18

Health: -7/33      AC: 12    Str: 15    XL:     4   Next: 37%
Magic:  4/4        EV:  5    Int:  9    God:
Gold:   123        SH:  0    Dex: 15    Spells: 3/3 levels left

rFire    . . .     SeeInvis .   a - +1 long sword
rCold    . . .     Gourm    +   (no shield)
rNeg     . . .     Faith    .   l - +0 plate armour
rPois    .         Spirit   .   c - +0 helmet
rElec    .         Reflect  .   k - scarf {repulsion}
rCorr    .         Harm     .   (no gloves)
MR       .....                  r - +0 pair of boots
Stlth    ..........             e - amulet of the gourmand
Regen    0.2/turn               (no ring)
MPRegen  0.1/turn               (no ring)

@: repel missiles
A: talons 1, powered by pain 1
a: no special abilities


You were on level 3 of the Dungeon.
You were not hungry.

You visited 1 branch of the dungeon, and saw 3 of its levels.

You collected 123 gold pieces.

Inventory:

Hand Weapons
 a - a +1 long sword (weapon)
Missiles
 d - 3 throwing nets (quivered)
Armour
 b - a +0 leather armour
 c - a +0 helmet (worn)
 k - a scarf of repulsion (worn)
 l - a +0 plate armour (worn)
 r - a +0 pair of boots (worn)
Jewellery
 e - an amulet of the gourmand (around neck)
 h - an uncursed ring of ice {unknown}
Wands
 u - a wand of clouds (5/9)
Scrolls
 n - 2 scrolls of noise
 o - a scroll of fear
Potions
 i - a potion of resistance
 m - a potion of haste
 s - a potion of lignification
 z - a potion of curing {unknown}
Comestibles
 f - 3 bread rations
 g - a meat ration
 p - 4 fruits


   Skills:
 - Level 2.0 Fighting
 + Level 4.4 Long Blades
 - Level 1.9 Throwing
 - Level 0.1 Armour
 - Level 2.9 Dodging


You had 3 spell levels left.
You didn't know any spells.

Dungeon Overview and Level Annotations

Branches:
Dungeon (3/15)

Altars:
Cheibriados
Xom


Innate Abilities, Weirdness & Mutations

You have sharp toenails.
You sometimes gain a little power by taking damage.


Message History

The gnoll barely misses you.
You are too injured to fight recklessly!
You are too injured to fight recklessly!
You are too injured to fight recklessly!
The gnoll barely misses you.
There is an open door here.
There is a snail-covered altar of Cheibriados here.
There is an open door here.
You hit the gnoll.
The gnoll is moderately wounded.
The gnoll hits you with a flail of holy wrath!
* * * LOW HITPOINT WARNING * * *
You convulse!
* * * LOW HITPOINT WARNING * * *
It was a potion of cancellation.
Your magical effects are unravelling.
You feel magically purged.
You feel a little less mighty now.
The gnoll hits you with a flail of holy wrath!
You die...

,****,,,......g.......#**
,* *,,,**#...........#,*
,****,,,.....###'###..#,*
,,,,,,,,###,,* #g# *,,#,*
,,,,,,,,*##..###g###..#.*
,,,,,,,,,....'..g###....*
,,,,,,,,,....###.###..#.#
,**,,,,,,...,* #g# *..#.#
,**,**,,,....###@###....#*
,*#..#,,.................*
,*#..#,,.#.........#..##**
,,....,..#.#.#..##.#*.#
,*#..#...#.#....##.##.####
,*#..#...#........(......#
,*#................(..####
.##..#,.........##.##.#
...<.#...#.........#*.#


You could see 4 gnolls.

Vanquished Creatures
  3 adders
  An ooze (D:2)
  A worm (D:2)
  A dart slug (D:2)
  3 leopard geckos
  2 giant cockroaches
  10 goblins
  7 hobgoblins
  2 quokkas (D:2)
  4 bats
  9 frilled lizards
  7 kobolds
  8 rats
58 creatures vanquished.

Notes
Turn   | Place    | Note
-------+----------+-------------------------------------------
     0 | D:1      | vineage the Demonspawn Gladiator began the quest for the Orb.
     0 | D:1      | Reached XP level 1. HP: 16/16 MP: 1/1
   164 | D:1      | Gained mutation: You have sharp toenails. [demonic ancestry]
   164 | D:1      | Reached XP level 2. HP: 11/22 MP: 2/2
   167 | D:1      | Reached skill level 3 in Long Blades
  1051 | D:2      | Reached XP level 3. HP: 27/27 MP: 3/3
  1229 | D:2      | Found a shimmering altar of Xom.
  1283 | D:2      | Reached skill level 4 in Long Blades
  1511 | D:2      | Gained mutation: You sometimes gain a little power by taking damage. [demonic ancestry]
  1511 | D:2      | Reached XP level 4. HP: 32/33 MP: 4/4
  1778 | D:3      | Found a snail-covered altar of Cheibriados.
  1809 | D:3      | HP: 1/33 [gnoll/flail of holy wrath (8)]
  1810 | D:3      | Mangled by a gnoll

Skill      XL: |  1  2  3 |
---------------+----------+-----
Long Blades    | 3 4 |  4.4
Fighting       | |  2.0
Throwing       | |  1.9
Armour         | |  0.1
Dodging        | |  2.9

Action                   |  1- 3 |  4- 6 || total
-------------------------+-------+-------++-------
Melee: Long sword        |   146 |    32 ||   178
       Kick              |    13 |       ||    13
  Use: Scroll            |       |    10 ||    10
       Potion            |       |     1 ||     1
  Eat: Chunk             |     4 |       ||     4
Armor: Leather armour    |     9 |       ||     9
       Plate armour      |    73 |    29 ||   102
Dodge: Dodged            |    72 |    15 ||    87
       Deflected         |     4 |       ||     4
       Rpst.: Long sword |    22 |     6 ||    28
